 Dungeon Crawl Stone Soup version 0.19.4-8-ga85b6b9 (webtiles) character file.

81 Naow the Shield-Bearer (level 4, 0/35 HPs)
             Began as a Formicid Fighter on Feb 14, 2017.
             Slain by Crazy Yiuf
             ... wielding a +2 quarterstaff of chaos
              (1 damage)
             ... on level 2 of the Dungeon.
             The game lasted 00:01:35 (1757 turns).

Naow the Shield-Bearer (Formicid Fighter)           Turns: 1757, Time: 00:01:36

Health: 0/35       AC:  6    Str: 21    XL:     4   Next: 68%
Magic:  4/4        EV:  8    Int:  8    God:
Gold:   83         SH:  9    Dex: 10    Spells: 0 memorised, 3 levels left

rFire  . . .     SeeInvis +     a - +0 war axe
rCold  . . .     Gourm    .     b - +0 scale mail
rNeg   . . .     Faith    .     c - +0 shield
rPois  .         Spirit   .     (helmet unavailable)
rElec  .         Reflect  .     (no cloak)
rCorr  .         Harm     .     (no gloves)
MR     .....                    (no boots)
Stlth  ..........               (no amulet)
                                (no ring)
                                (no ring)

@: lethally poisoned (0 -> -8), drained
A: permanent stasis, dig shafts and tunnels, four strong arms, antennae 3
a: Dig, Shaft Self


You were on level 2 of the Dungeon.
You were not hungry.

You visited 1 branch of the dungeon, and saw 2 of its levels.

You collected 83 gold pieces.

Inventory:

Hand Weapons
 a - a +0 war axe (weapon)
Armour
 b - a +0 scale mail (worn)
 c - a +0 shield (worn)
Jewellery
 n - a +3 amulet of reflection {unknown}
Scrolls
 i - 2 scrolls of immolation {unknown}
 j - a scroll of identify {unknown}
 k - a scroll of magic mapping {unknown}
 o - a scroll of blinking {unknown}
 p - a scroll of remove curse {unknown}
 q - a scroll of noise {unknown}
 s - a scroll of fog {unknown}
 u - a scroll of enchant weapon {unknown}
Potions
 d - a potion of might
 e - a potion of magic {unknown}
 g - a potion of ambrosia {unknown}
 h - a potion of cure mutation {unknown}
 l - 2 potions of cancellation {unknown}
Comestibles
 f - 2 bread rations
 m - a slice of pizza
 r - 4 fruits
 v - a meat ration


   Skills:
 - Level 3.2(2.7) Fighting
 * Level 4.0(3.5) Axes
 - Level 3.2(2.7) Armour
 + Level 4.3(3.8) Shields


You had 3 spell levels left.
You didn't know any spells.

Dungeon Overview and Level Annotations

Branches:
Dungeon (2/15)

Altars:

Annotations:
D:2 Crazy Yiuf


Innate Abilities, Weirdness & Mutations

You are under a permanent stasis effect.
You can dig through walls and to a lower floor.
Your four strong arms can wield two-handed weapons with a shield.
You have a pair of large antennae on your head. (SInv)


Message History

Crazy Yiuf hits you with a quarterstaff of chaos.
You closely miss Crazy Yiuf.
Crazy Yiuf is heavily wounded.
* * * LOW HITPOINT WARNING * * *
You feel sick.
Crazy Yiuf hits you with a quarterstaff of chaos.
* * * LOW HITPOINT WARNING * * *
You feel drained.
You hit Crazy Yiuf but do no damage.
Crazy Yiuf is heavily wounded.
* * * LOW HITPOINT WARNING * * *
You feel sick. Crazy Yiuf barely misses you.
You barely miss Crazy Yiuf.
Crazy Yiuf is heavily wounded.
* * * LOW HITPOINT WARNING * * *
You feel sick.
Crazy Yiuf hits you with a quarterstaff of chaos.
* * * LOW HITPOINT WARNING * * *
You feel drained.
You die...

###..#.###.###.#####..##.#
#.# # #)...........#.#
###..##(###.###
#.#.....##.#.#.#
#.........)...##
#.#.##.#########
######.......... #.#.##.#
#####..#.## #.#.##.#
#..#.# #.#.#####♣♣ ####
#####..#.# #.#.##.+..♣♣
♣♣#..)# #......#.#
#.#.#......♣♣♣♣.@g..#
#####.##.##
#.#..)......♣..♣#...#
#.>....<...
#.####.+...♣.♣♣♣ ####
#########.. #....<.##♣♣♣♣♣
#....÷....# ########
###########


You could see Crazy Yiuf.

Vanquished Creatures
  2 adders (D:2)
  2 oozes
  2 worms (D:2)
  A dart slug (D:1)
  A leopard gecko (D:1)
  9 bats
  3 giant cockroaches
  4 goblins
  3 hobgoblins
  6 kobolds
  A quokka (D:2)
  3 frilled lizards
  9 rats
46 creatures vanquished.

Notes
Turn   | Place    | Note
-------+----------+-------------------------------------------
     0 | D:1      | Naow the Formicid Fighter began the quest for the Orb.
     0 | D:1      | Reached XP level 1. HP: 18/18 MP: 1/1
    81 | D:1      | Reached XP level 2. HP: 24/24 MP: 2/2
   272 | D:1      | Reached XP level 3. HP: 25/29 MP: 3/3
  1040 | D:2      | Reached XP level 4. HP: 34/35 MP: 4/4
  1414 | D:2      | Found a runed door.
  1470 | D:2      | Found a faded altar of an unknown god.
  1745 | D:2      | Noticed Crazy Yiuf
  1757 | D:2      | HP: 1/35 [Crazy Yiuf/quarterstaff of chaos (4)]
  1757 | D:2      | Slain by Crazy Yiuf

Skill      XL: |  1  2  3  4 |
---------------+-------------+-----
Axes           | 3 4 |  4.0
Shields        | 4 |  4.3
Fighting       | |  3.2
Armour         | |  3.2

Action                   |  1- 3 |  4- 6 || total
-------------------------+-------+-------++-------
Melee: War axe           |    97 |    54 ||   151
  Eat: Chunk             |     1 |     2 ||     3
Armor: Scale mail        |    36 |    18 ||    54
Dodge: Dodged            |    37 |    23 ||    60
Block: Shield            |    60 |    33 ||    93
